 Dungeon Crawl Stone Soup version 0.26.0-10-g1f06aea511 (webtiles) character file.

Game seed: 4198552497407944668

44 Dracia the Shield-Bearer (level 3, -1/29 HPs)
             Began as a Demonspawn Fighter on Jan 19, 2021.
             Killed by divine providence
             ... invoked by an orc priest
              (14 damage)
             ... on level 2 of the Dungeon.
             The game lasted 00:01:16 (1249 turns).

Dracia the Shield-Bearer (Demonspawn Fighter)       Turns: 1249, Time: 00:01:18

Health: -1/29      AC: 10    Str: 17    XL:     3   Next: 41%
Magic:  3/3        EV:  7    Int:  9    God:
Gold:   162        SH:  9    Dex: 12    Spells: 2/2 levels left

rFire    . . .     SeeInvis .   a - +0 rapier
rCold    . . .     Faith    .   c - +0 kite shield
rNeg     . . .     Spirit   .   b - +0 scale mail
rPois    .         Reflect  .   (no helmet)
rElec    .         Harm     .   (no cloak)
rCorr    .         Rampage  .   (no gloves)
Will     .....                  (no boots)
Stlth    ..........             (no amulet)
HPRegen  0.09/turn              (no ring)
MPRegen  0.08/turn              (no ring)

@: no status effects
A: iridescent scales 2
a: no special abilities


You were on level 2 of the Dungeon.
You visited 1 branch of the dungeon, and saw 2 of its levels.

You collected 162 gold pieces.


Innate Abilities, Weirdness & Mutations

You are mostly covered in iridescent scales. (AC +4)


   Skills:
 - Level 3.0 Fighting
 - Level 1.7 Short Blades
 + Level 3.2 Armour
 + Level 1.4 Dodging
 + Level 3.2 Shields


You had 2 spell levels left.
You didn't know any spells.
Your spell library was empty.

Inventory:

Hand Weapons
 a - a +0 rapier (weapon)
Missiles
 e - a throwing net {=f=f}
Armour
 b - a +0 scale mail (worn)
 c - a +0 kite shield (worn)
Jewellery
 i - an uncursed amulet of magic regeneration
 k - an uncursed ring of willpower
 o - an uncursed amulet of regeneration {unknown}
Scrolls
 f - a scroll of immolation {unknown}
 g - 2 scrolls of identify {unknown}
 l - a scroll of magic mapping {unknown}
 n - a scroll of amnesia {unknown}
Potions
 d - a potion of might
 h - a potion of ambrosia {unknown}
 j - a potion of attraction {unknown}
 m - 2 potions of flight {unknown}

Dungeon Overview and Level Annotations

Branches:
Dungeon (2/15)

Altars:

#.#.............
#..........#
#.#.#'##########
#..........#
#.#.#.# ######
#..........#
#.#.#.# #....#
#..........#
#.#...# #....#
#...........
..#.### #....#
########.### ..#.#
#....# #.# ..#.#
#.ooo# #.# ..#.#
#..@o# #.# #.#.####
#....# #.# #.#.##..
+....# #.#
#...##.#######....#
#.#
#...##.#......#.###
#.#
#...##.#.#....#.#
#.#
#.#.##.#.#.####.#
#.#
#.#.##.#........#
#.###
#.#.##.#....#####
#....


You could see an orc priest and 3 orcs.


Message History

An orc comes into view.
It is wielding a +2 flail of holy wrath.
The orc throws a boomerang.
You block the boomerang.
The orc priest shouts!
The orc priest calls down the wrath of Beogh upon you.
Beogh smites you!
The orc throws a boomerang.
The boomerang hits you but does no damage.
The weapon returns to the orc!
You barely miss the orc priest.
The orc priest hits you but does no damage.
You block the orc's attack. x2; The orc hits you but does no damage.
The orc priest hits you but does no damage.
Unknown command.
You hit the orc priest.
The orc priest is moderately wounded.
The orc hits you but does no damage. You block the orc's attack.
The orc closely misses you. The orc priest barely misses you.
You closely miss the orc priest.
The orc priest is moderately wounded.
The orc hits you but does no damage. The orc barely misses you.
You block the orc's attack. The orc priest hits you with a +0 club.
Unknown command.
You hit the orc priest.
The orc priest is heavily wounded.
The orc hits you.
* * * LOW HITPOINT WARNING * * *
The orc hits you but does no damage.
The orc priest calls down the wrath of Beogh upon you.
Beogh smites you!
You die...

Skill      XL: |  1  2 |
---------------+-------+-----
Dodging        | 1 |  1.4
Shields        | 3 |  3.2
Armour         | 3 |  3.2
Fighting       | |  3.0
Short Blades   | |  1.7

Action                   || total
-------------------------++-------
Melee: Rapier            ||   111
Armor: Scale mail        ||    50
Dodge: Dodged            ||    34
Block: Kite shield       ||    53

Levels and vault maps discovered:
D:1:      dpeg_arrival_concentric_ovals, layout_basic
D:2:      layout_basic

Notes
Turn   | Place    | Note
-------+----------+-------------------------------------------
     0 | D:1      | Dracia the Demonspawn Fighter began the quest for the Orb.
     0 | D:1      | Reached XP level 1. HP: 18/18 MP: 1/1
   321 | D:1      | Gained mutation: You are partially covered in iridescent
                  | scales. (AC +2) [demonic ancestry]
   321 | D:1      | Reached XP level 2. HP: 23/24 MP: 2/2
   440 | D:1      | Reached skill level 1 in Dodging
   440 | D:1      | Reached skill level 3 in Shields
   443 | D:1      | Reached skill level 3 in Armour
   699 | D:2      | Gained mutation: You are mostly covered in iridescent
                  | scales. (AC +4) [demonic ancestry]
   699 | D:2      | Reached XP level 3. HP: 29/29 MP: 3/3
  1249 | D:2      | Killed from afar by an orc priest

Vanquished Creatures
  2 dart slugs (D:2)
  A leopard gecko (D:1)
  A giant cockroach (D:1)
  3 goblins (D:1)
  4 hobgoblins
  5 jackals
  5 kobolds
  A quokka (D:2)
  4 bats
  6 frilled lizards
  4 rats
36 creatures vanquished.

Table legend: (Time is in decaauts)
 A = Elapsed time spent in this place.
 B = Non-inter-level travel time spent in this place.
 C = Inter-level travel time spent in this place.
 D = Time resting spent in this place.
 E = Time spent auto-exploring this place.
 F = Levels seen in this place.
 G = Mean time per level.
                   A        B        C        D        E       F      G
               +--------+--------+--------+--------+--------+-----+--------+
         Total |   1270 |   1242 |     28 |      0 |   1014 |   2 |  635.0 |
       Dungeon |   1270 |   1242 |     28 |      0 |   1014 |   2 |  635.0 |
               +--------+--------+--------+--------+--------+-----+--------+

Top non-repeatable levels by time:
     D:1: 673 daAuts
     D:2: 597 daAuts

Table legend:
 A = Non-vault XP
 B = Vault XP
 C = Vault XP percentage of total XP
 D = Non-vault monster count
 E = Vault monster count
 F = Vault count percentage of total count
                 A         B        C        D         E       F
            +---------+---------+-------+---------+---------+-------
      Total |      64 |       0 |   0.0 |      36 |       0 |   0.0
            +---------+---------+-------+---------+---------+-------
        D:1 |      35 |       0 |   0.0 |      21 |       0 |   0.0
        D:2 |      29 |       0 |   0.0 |      15 |       0 |   0.0
            +---------+---------+-------+---------+---------+-------
